AoeStats
← luzmamera2

Lombardia

509704384Analyzed
4v4 RM · 5d ago on Sep 27, 2026· 54m 18s· 8 players
Game mode
Random Map
Map size
Large (8 player)
Population
200
Speed
Normal
Resources
Standard
Victory
Conquest
Starting age
Dark Age
Ending age
Imperial Age
RankedLock teamsTeams togetherTeam positionsShared explorationLock speedFull tech treeHidden civsTurbo modeCheats
Victory
Defeat
🇲🇽 Slavs · Mexico
991
+12
🇵🇱 Poles · Poland
956
+13
🇺🇸 Goths · United States
835
+19
🇨🇱 Franks · Chile
828
+48
🇨🇭 Vietnamese · Switzerland
907
-16
🇩🇪 Burgundians · Germany
893
-16
🇦🇹 Romans · Austria
884
-15
🇹🇷 Tatars · Türkiye
879
-15
luzmamera2
0:47 Loom
12:11 Feudal Age
14:58 Double-Bit Axe
14:46 Man-at-Arms
16:52 Scale Mail Armor
17:02 Forging
26:02 Castle Age
25:54 Padded Archer Armor
25:45 Fletching
27:18 Bow Saw
28:23 Leather Archer Armor
28:04 Bodkin Arrow
30:08 Elite Skirmisher
32:00 Fortified Wall
33:21 Ballistics
33:43 Wheelbarrow
34:44 Hand Cart
34:40 Bodkin Arrow
34:52 Long Swordsman
35:34 Squires
34:54 Pikeman
35:20 Arson
38:01 Chain Mail Armor
38:22 Iron Casting
Haudinida
0:30 Loom
11:25 Feudal Age
10:37 Double-Bit Axe
11:15 Horse Collar
12:21 Bow Saw
14:25 Wheelbarrow
17:06 Town Watch
17:14 Gold Mining
21:12 Stone Mining
21:59 Gold Shaft Mining
23:27 Castle Age
21:36 Heavy Plow
22:47 Caravan
23:33 Gold Shaft Mining
23:44 Fletching
24:06 Forging
23:58 Padded Archer Armor
25:48 Hand Cart
29:26 Husbandry
29:01 Cavalier
32:39 Imperial Age
31:42 Fortified Wall
31:14 Treadmill Crane
31:46 Masonry
32:37 Crop Rotation
34:21 Burgundian Vineyards
34:37 Conscription
35:40 Chemistry
35:07 Pikeman
35:47 Squires
35:33 Arson
35:42 Halberdier
36:56 Scale Mail Armor
40:06 Scale Barding Armor
39:58 Bodkin Arrow
41:37 Hoardings
41:13 Town Patrol
41:46 Architecture
41:14 Murder Holes
43:22 Chain Barding Armor
43:38 Iron Casting
43:05 Bracer
43:23 Chain Mail Armor
43:25 Leather Archer Armor
42:58 Elite Skirmisher
43:54 Imperial Skirmisher
Archimedes420
7:24 Loom
11:14 Feudal Age
12:05 Double-Bit Axe
12:41 Horse Collar
16:54 Castle Age
15:15 Man-at-Arms
18:49 Squires
18:45 Pikeman
20:20 Heavy Plow
21:20 Stone Mining
21:37 Town Watch
22:12 Gold Mining
23:27 Wheelbarrow
26:28 Hand Cart
27:40 Bow Saw
28:14 Fortified Wall
28:36 Long Swordsman
30:41 Ballistics
31:18 Town Patrol
31:20 Scale Mail Armor
31:31 Forging
31:26 Scale Barding Armor
31:12 Fletching
31:52 Fervor
32:30 Gold Shaft Mining
32:56 Caravan
35:42 Imperial Age
33:33 Chain Mail Armor
34:04 Masonry
35:32 Iron Casting
38:06 Chain Barding Armor
37:57 Halberdier
40:24 Blast Furnace
40:00 Plate Barding Armor
39:22 Bodkin Arrow
40:06 Legionary
41:59 Conscription
44:33 Architecture
47:16 Murder Holes
47:24 Padded Archer Armor
Feed Me
13:38 Feudal Age
12:07 Loom
Laxbrody4
4:27 Loom
10:10 Feudal Age
10:55 Man-at-Arms
11:52 Horse Collar
12:07 Double-Bit Axe
14:45 Horse Collar
20:54 Castle Age
19:23 Forging
19:14 Scale Mail Armor
20:55 Stone Mining
20:55 Gold Mining
23:16 Bow Saw
25:21 Chain Mail Armor
25:41 Iron Casting
25:13 Heavy Plow
25:55 Stone Shaft Mining
28:48 Wheelbarrow
31:51 Squires
32:45 Anarchy
35:22 Imperial Age
35:24 Elite Huskarl
36:42 Hand Cart
39:33 Blast Furnace
Crispocivil
6:20 Loom
9:17 Feudal Age
9:48 Double-Bit Axe
12:16 Horse Collar
14:41 Wheelbarrow
18:40 Castle Age
16:50 Stone Mining
17:23 Gold Mining
19:45 Bow Saw
20:45 Heavy Plow
25:10 Gold Shaft Mining
32:11 Imperial Age
29:59 Detinets
30:18 Hand Cart
30:13 Caravan
33:04 Forging
32:59 Scale Barding Armor
32:28 Sappers
33:21 Conscription
34:34 Two-Man Saw
33:44 Onager
35:11 Crop Rotation
36:12 Iron Casting
35:57 Chain Barding Armor
36:11 Bloodlines
36:02 Husbandry
35:43 Elite Boyar
37:12 Druzhina
38:16 Blast Furnace
38:49 Siege Onager
39:59 Ballistics
40:40 Chemistry
39:12 Man-at-Arms
39:53 Squires
39:55 Scale Mail Armor
39:46 Fletching
40:49 Redemption
40:55 Chain Mail Armor
40:31 Long Swordsman
40:46 Long Swordsman
41:28 Two-Handed Swordsman
43:32 Plate Mail Armor
42:24 Champion
44:20 Masonry
44:07 Murder Holes
43:53 Capped Ram
46:10 Siege Engineers
50:18 Siege Ram
51:14 Fortified Wall
51:41 Hoardings
50:29 Pikeman
51:18 Atonement
51:39 Sanctity
51:56 Plate Barding Armor
51:17 Bodkin Arrow
51:23 Padded Archer Armor
51:48 Sappers
51:48 Heavy Scorpion
51:54 Halberdier
52:39 Devotion
53:16 Illumination
52:20 Light Cavalry
52:20 Cavalier
53:21 Block Printing
53:08 Guard Tower
54:06 Theocracy
54:00 Faith
54:14 Coinage
53:19 Hussar
53:25 Crossbowman
54:08 Herbal Medicine
54:42 Leather Archer Armor
giancarlo7
9:55 Feudal Age
11:11 Wheelbarrow
10:19 Horse Collar
10:27 Double-Bit Axe
18:17 Castle Age
16:26 Stone Mining
17:29 Scale Mail Armor
17:35 Scale Barding Armor
18:13 Forging
19:40 Bow Saw
20:10 Husbandry
23:39 Hand Cart
24:30 Szlachta Privileges
30:22 Imperial Age
28:56 Chain Barding Armor
29:17 Chain Mail Armor
30:05 Iron Casting
31:25 Conscription
31:32 Cavalier
35:20 Plate Mail Armor
35:52 Blast Furnace
38:35 Light Cavalry
39:25 Bloodlines
40:09 Elite Obuch
41:00 Winged Hussar
41:33 Capped Ram
42:54 Siege Ram
52:40 Redemption
52:17 Town Watch
52:19 Loom
53:17 Stone Shaft Mining
52:33 Gold Mining
52:43 Spies/Treason
NeatRaptor66537
1:16 Loom
13:44 Feudal Age
14:22 Man-at-Arms
17:51 Double-Bit Axe
20:09 Wheelbarrow
24:36 Arson
25:07 Forging
24:59 Padded Archer Armor
24:51 Fletching
29:14 Castle Age
29:28 Pikeman
29:59 Gambesons
32:14 Scale Mail Armor
33:31 Crossbowman
34:37 Light Cavalry
37:08 Bow Saw
37:48 Scale Barding Armor
37:59 Leather Archer Armor
40:27 Ballistics
41:16 Bodkin Arrow
47:55 Husbandry
50:14 Chain Mail Armor
52:36 Gold Mining
57:17 Imperial Age
Connection lost

Rejoining the realm…

Still unreachable

The connection could not be restored.

Session expired

The server has moved on; the page needs a fresh start.